 Dungeon Crawl Stone Soup version 0.25-a0-1133-g93ebf73 (webtiles) character file.

Game seed: 16056183430803305661, levelgen mode: deterministic

50 thirtiethelement the Stinger (level 3, -1/21 HPs)
             Began as an Octopode Venom Mage on May 21, 2020.
             Was an Initiate of Sif Muna.
             Slain by an orc
             ... wielding a +0 whip
              (2 damage)
             ... on level 3 of the Dungeon.
             The game lasted 00:07:46 (1524 turns).

thirtiethelement the Stinger (Octopode Venom Mage)  Turns: 1524, Time: 00:07:46

Health: -1/21      AC:  1    Str:  7    XL:     3   Next: 79%
Magic:  4/6        EV: 13    Int: 18    God:    Sif Muna [......]
Gold:   119        SH:  0    Dex: 12    Spells: 5/6 levels left

rFire    . . .     SeeInvis .   g - +2 dagger (venom)
rCold    . . .     Gourm    .   (no shield)
rNeg     . . .     Faith    .   (helmet restricted)
rPois    .         Spirit   .   (no amulet)
rElec    .         Reflect  .   (no ring)
rCorr    .         Harm     .   (no ring)
MR       .....                  (no ring)
Stlth    +++.......             (no ring)
HPRegen  0.07/turn              (no ring)
MPRegen  0.10/turn              (no ring)
                                (no ring)
                                (no ring)

@: lethally poisoned (-1 -> -5)
A: almost no armour, stealthy swim, amphibious, 8 rings, constrict 8, camouflage
1, gelatinous body 1
a: Renounce Religion


You were on level 3 of the Dungeon.
You worshipped Sif Muna.
Sif Muna was noncommittal.
You were not hungry.

You visited 1 branch of the dungeon, and saw 3 of its levels.

You collected 119 gold pieces.

Inventory:

Hand Weapons
 e - a +0 dagger
 g - a +2 dagger of venom (weapon)
 m - a +2 hunting sling of freezing
Wands
 s - a wand of random effects (5)
Scrolls
 c - a scroll of identify {unknown}
 f - 5 scrolls of teleportation {unknown}
 h - 3 scrolls of remove curse {unknown}
 i - a scroll of amnesia {unknown}
 j - a scroll of fear {unknown}
 n - a scroll of fog {unknown}
 t - a scroll of blinking {unknown}
Potions
 a - a potion of mutation {unknown}
 d - a potion of stabbing {unknown}
 k - a potion of flight {unknown}
 l - a potion of curing {unknown}
 o - a potion of lignification {unknown}
 p - a potion of heal wounds {unknown}
 q - a potion of brilliance {unknown}
 r - 2 potions of resistance {unknown}
Comestibles
 b - 2 rations


   Skills:
 + Level 0.1 Short Blades
 + Level 2.3 Dodging
 + Level 3.3 Stealth
 + Level 2.3 Spellcasting
 + Level 1.0 Transmutations
 + Level 4.7 Poison Magic


You had 5 spell levels left.
You knew the following spells:

 Your Spells              Type           Power        Failure   Level  Hunger
a - Sting                 Tmut/Pois      ##..         5%          1    #......

Your spell library contained the following spells:

 Spells                   Type           Power        Failure   Level  Hunger
 Poisonous Vapours        Pois/Air       ##....       10%         2    ##.....
 Ignite Poison            Fire/Tmut/Pois #.......     24%         3    ###....
 Olgreb's Toxic Radiance  Pois           ###.....     26%         4    #####..
 Mephitic Cloud           Conj/Pois/Air  #.......     28%         3    ###....


Dungeon Overview and Level Annotations

Branches:
Dungeon (2/15)

Altars:
Nemelex Xobeh
Sif Muna


Innate Abilities, Weirdness & Mutations

You cannot wear most types of armour.
You are very stealthy in the water. (Stealth+)
You are amphibious.
You can wear up to eight rings at the same time.
You can use your tentacles to constrict eight enemies at once.
Your skin changes colour to match your surroundings (Stealth+).
Your rubbery body absorbs attacks. (AC +1, EV +1)


Message History

The adder poisons you!
You hit the adder.
You kill the adder!
Sif Muna accepts your kill.
* * * LOW HITPOINT WARNING * * *
You feel sick.
You hit the orc but do no damage.
The orc looks even sicker.
Your grab misses the orc.
The orc is almost dead.
You kill the orc!
Sif Muna accepts your kill.
You barely miss the orc. You grab the orc. You constrict the orc.
The orc hits you with a +0 whip.
* * * LOW HITPOINT WARNING * * *
You hit the orc.
The orc is poisoned.
The orc is heavily wounded.
You constrict the orc.
* * * LOW HITPOINT WARNING * * *
You feel sick. The orc hits you with a +0 whip.
You die...

####+#+## ........#
........#
....?...###########
..[.....#.........#
.......@o.>.......#
........#.........#
....#####.........#
#.# #o.!......# .
#.........#
#.........#
#[.s.....##
.........#
.###..#####


You could see an orc (very poisoned).

Vanquished Creatures
  2 adders
  A dart slug (D:1)
  A leopard gecko (D:1)
  3 orcs (D:3)
  A bat (D:3)
  3 giant cockroaches
  2 goblins (D:1)
  3 hobgoblins
  4 frilled lizards
  3 kobolds
  4 rats
27 creatures vanquished.

Notes
Turn   | Place    | Note
-------+----------+-------------------------------------------
     0 | D:1      | thirtiethelement the Octopode Venom Mage began the quest
                  | for the Orb.
     0 | D:1      | Reached XP level 1. HP: 11/11 MP: 3/3
   305 | D:1      | Reached XP level 2. HP: 14/17 MP: 5/5
   332 | D:1      | Reached skill level 4 in Poison Magic
   794 | D:2      | Reached XP level 3. HP: 19/21 MP: 3/6
   880 | D:2      | Found a shimmering blue altar of Sif Muna.
   883 | D:2      | Became a worshipper of Sif Muna the Loreminder
  1187 | D:2      | Found a sparkling altar of Nemelex Xobeh.
  1494 | D:2      | You fall into a shaft and drop 1 floor!
  1524 | D:3      | HP: 1/21 [poisoned by an adder]
  1524 | D:3      | Slain by an orc

Illustrated notes

Levels and vault maps discovered:
D:1:      grunt_arrival_lava_bath, layout_basic, kennysheep_boxes
D:2:      layout_loops_ring, lemuel_blue_sif_altar,
          nemelex_xobeh_ov_fountains_minmay
D:3:      layout_basic, okawaru_ov_weapons_minmay, portal_sewer_entry_b,
          grunt_ministairs_11

Skill      XL: |  1  2 |
---------------+-------+-----
Poison Magic   | 4 |  4.7
Stealth        | 3 |  3.3
Short Blades   | |  0.1
Dodging        | |  2.3
Spellcasting   | |  2.3
Transmutations | |  1.0

Action                   || total
-------------------------++-------
Melee: Constrict         ||    16
       Unarmed           ||     4
       Dagger            ||    47
       Tentacles         ||     4
 Cast: Sting             ||    11
 Stab: Sleeping          ||     8
  Eat: Ration            ||     1
Armor: Skin              ||     2
Dodge: Dodged            ||    26

Table legend:
 A = Non-vault XP
 B = Vault XP
 C = Vault XP percentage of total XP
 D = Non-vault monster count
 E = Vault monster count
 F = Vault count percentage of total count
                 A         B        C        D         E       F
            +---------+---------+-------+---------+---------+-------
      Total |      72 |       0 |   0.0 |      27 |       0 |   0.0
            +---------+---------+-------+---------+---------+-------
        D:1 |      23 |       0 |   0.0 |      12 |       0 |   0.0
        D:2 |      23 |       0 |   0.0 |       9 |       0 |   0.0
        D:3 |      26 |       0 |   0.0 |       6 |       0 |   0.0
            +---------+---------+-------+---------+---------+-------
